 Dungeon Crawl Stone Soup version 0.17.1-1-g73c8601 (webtiles) character file.

46 HughJohnson the Vexing (level 3, -2/26 HPs)
             Began as a Vampire Enchanter on Dec 23, 2015.
             Slain by a giant gecko (5 damage)
             ... on level 3 of the Dungeon.
             The game lasted 00:09:19 (1775 turns).

HughJohnson the Vexing (Vampire Enchanter)          Turns: 1775, Time: 00:09:19

Health: -2/26      AC:  0    Str:  2    XL:     3   Next: 46%
Magic:  6/6        EV: 20    Int: 18    God:
Gold:   174        SH:  0    Dex: 19    Spells: 3 memorised, 0 levels left

rFire  . . .     SeeInvis +     (weapon currently unavailable)
rCold  . . .     Clarity  .     (armour currently unavailable)
rNeg   + . .     SustAt   .     (shield currently unavailable)
rPois  .         Gourm    .     (helmet currently unavailable)
rElec  .         Spirit   .     (cloak currently unavailable)
rCorr  .         Warding  .     (gloves currently unavailable)
rMut   .         Stasis   .     (boots currently unavailable)
MR     .....                    (no amulet)
Stlth  +++.......               (ring currently unavailable)
                                (ring currently unavailable)

@: bat-form, flying, very quick, not resistant to hostile enchantments, fairly
stealthy
A: (fangs 0), see invisible, (unbreathing)
a: End Transformation


You were on level 3 of the Dungeon.
You were not thirsty.
You were in vampire-bat-form.
You visited 1 branch of the dungeon, and saw 3 of its levels.

You collected 174 gold pieces.

Inventory:

Hand Weapons
 a - a +1 dagger (melded)
Missiles
 d - 7 tomahawks of dispersal (quivered)
 f - 5 needles of paralysis
Armour
 b - a +1 robe (melded)
 j - a +0 pair of boots (melded)
Jewellery
 m - a +2 ring of strength {unknown}
Scrolls
 g - 3 scrolls of remove curse {unknown}
 h - 2 scrolls of identify
 n - a scroll of enchant weapon {unknown}
Potions
 e - a potion of might {unknown}
 i - a potion of haste
Books
 c - a book of Maledictions

   Spells                             Type                      Level
   a - Corona                         Hexes                        1
   b - Ensorcelled Hibernation        Hexes/Ice                    2
   c - Confuse                        Hexes                        3
   d - Tukima's Dance                 Hexes                        3
   e - Dazzling Spray                 Conjuration/Hexes            3


   Skills:
 - Level 1.0 Fighting
 + Level 3.2 Short Blades
 - Level 2.1 Dodging
 - Level 4.4 Stealth
 - Level 2.0 Spellcasting
 - Level 4.4 Hexes
 + Level 0.4 Ice Magic


You couldn't memorise any spells.
You knew the following spells:

 Your Spells              Type           Power        Failure   Level  Hunger
a - Corona                Hex            ###....      3%          1    #......
b - Ensorcelled Hibernat  Hex/Ice        ##....       12%         2    ###....
c - Confuse               Hex            ###.....     12%         3    ###....


Dungeon Overview and Level Annotations

Branches:
Dungeon (3/15)

Altars:
Dithmenos
Qazlal
The Shining One


Innate Abilities, Weirdness & Mutations

((You have razor-sharp teeth.))
You have supernaturally acute eyesight.
((You can survive without breathing.))


Message History

You hit the giant gecko but do no damage.
The giant gecko is moderately wounded.
You hit the giant gecko.
The giant gecko is heavily wounded.
The giant gecko completely misses you.
You hit the giant gecko but do no damage.
The giant gecko is heavily wounded.
The giant gecko misses you.
You completely miss the giant gecko.
The giant gecko is heavily wounded.
You hit the giant gecko but do no damage.
The giant gecko is heavily wounded.
The giant gecko misses you.
You hit the giant gecko.
The giant gecko is heavily wounded.
The giant gecko misses you.
You hit the giant gecko but do no damage.
The giant gecko is heavily wounded.
The giant gecko bites you.
You die...

#...#._...##.....
#...##....##...[#
#(...##..###...o#
#.#.....## #....#
#...$.### #..... ###.###
#....# ######(## #....#
#.......# #....#
####).bl..(# ######
#..........#
#..........########
#......$..........#
####.......######.#
#.......######.#
#######.###.......##h#
#.. ...# #.......##.#
#.#####.###ยงยง...?.##.#


You could see a giant gecko.

Vanquished Creatures
  2 adders
  2 worms (D:2)
  A giant gecko (D:1)
  2 giant cockroaches (D:2)
  A goblin (D:1)
  5 hobgoblins
  4 bats
  A giant newt (D:1)
  2 kobolds
  6 rats
26 creatures vanquished.

Notes
Turn   | Place    | Note
--------------------------------------------------------------
     0 | D:1      | HughJohnson the Vampire Enchanter began the quest for the Orb.
     0 | D:1      | Reached XP level 1. HP: 13/13 MP: 3/3
   237 | D:1      | Reached skill level 1 in Fighting
   279 | D:1      | Reached XP level 2. HP: 19/21 MP: 5/5
   754 | D:2      | Reached XP level 3. HP: 26/26 MP: 6/6
   758 | D:2      | Learned a level 2 spell: Ensorcelled Hibernation
   762 | D:2      | Learned a level 3 spell: Confuse
   925 | D:2      | Found a glowing golden altar of the Shining One.
  1274 | D:3      | Found a stormy altar of Qazlal.
  1399 | D:3      | HP: 1/26 [poison (a potion of poison)]
  1472 | D:3      | Found a shadowy altar of Dithmenos.
  1775 | D:3      | Slain by a giant gecko

Action                   || total
-------------------------++-------
Melee: Dagger            ||    80
       Unarmed           ||    21
 Cast: Corona            ||     3
       Ensorcelled Hiber ||     5
 Abil: Bat Form          ||     2
       End Transformatio ||     1
  Use: Potion            ||     5
       Scroll            ||     2
 Stab: Sleeping          ||    10
       Distracted        ||     2
  Eat: Corpse            ||     4
